 Dungeon Crawl Stone Soup version 0.21.0-3-g78d12a8 (webtiles) character file.

1691 MTVSty1e the Arsonist (level 8, 0/70 HPs)
             Began as a Grey Draconian Fire Elementalist on Jan 14, 2018.
             Slain by an orc warrior
             ... wielding a +0 mace
              (16 damage)
             ... on level 6 of the Dungeon.
             The game lasted 00:24:49 (7839 turns).

MTVSty1e the Arsonist (DrFE)                        Turns: 7839, Time: 00:24:49

Health: 0/70       AC: 14    Str: 12    XL:     8   Next: 72%
Magic:  20/20      EV: 12    Int: 17    God:
Gold:   415        SH:  0    Dex: 11    Spells: 5/11 levels left

rFire    . . .     SeeInvis .   c - +0 short sword
rCold    . . .     Gourm    .   (no shield)
rNeg     . . .     Faith    .   (armour unavailable)
rPois    +         Spirit   .   (helmet restricted)
rElec    .         Reflect  .   m - +0 cloak
rCorr    .         Harm     .   q - +1 pair of gloves
MR       .....                  (no boots)
Stlth    +.........             (no amulet)
HPRegen  0.21/turn              h - ring of poison resistance
MPRegen  0.17/turn              p - ring of magical power

@: silence, starving
A: walk through water, unfitting armour, unbreathing, cold-blooded, AC +11
a: no special abilities


You were on level 6 of the Dungeon.
You were starving.

You visited 2 branches of the dungeon, and saw 7 of its levels.

You collected 415 gold pieces.

Inventory:

Hand Weapons
 c - a +0 short sword (weapon)
Armour
 m - a +0 cloak (worn)
 q - a +1 pair of gloves (worn)
Jewellery
 h - a ring of poison resistance (left hand)
 j - a +3 ring of dexterity
 p - a ring of magical power (right hand)
Scrolls
 e - a scroll of enchant armour {unknown}
 l - a scroll of amnesia
Potions
 f - a potion of invisibility
 n - a potion of cancellation
Books
 a - a book of Flames

   Spells                             Type                      Level
   a - Flame Tongue                   Conjuration/Fire             1
   b - Throw Flame                    Conjuration/Fire             2
   c - Conjure Flame                  Conjuration/Fire             3
   d - Inner Flame                    Hexes/Fire                   3
   e - Sticky Flame                   Conjuration/Fire             4
   f - Fireball                       Conjuration/Fire             5
 t - a book of Minor Magic

   Spells                             Type                      Level
   a - Magic Dart                     Conjuration                  1
   b - Blink                          Translocation                2
   c - Call Imp                       Summoning                    2
   d - Slow                           Hexes                        2
   e - Conjure Flame                  Conjuration/Fire             3
   f - Mephitic Cloud                 Conjuration/Poison/Air       3


   Skills:
 + Level 5.8 Fighting
 - Level 1.7 Dodging
 - Level 1.7 Stealth
 - Level 2.0 Spellcasting
 + Level 5.5 Conjurations
 * Level 8.5 Fire Magic


You had 5 spell levels left.
You knew the following spells:

 Your Spells              Type           Power        Failure   Level  Hunger
a - Flame Tongue          Conj/Fire      ####.        1%          1    #......
b - Fireball              Conj/Fire      ####......   28%         5    ######.


Dungeon Overview and Level Annotations

Branches:
Dungeon (6/15)             Temple (1/1) D:4

Altars:
Ashenzari
Dithmenos
Elyvilon
Fedhas
Gozag
Kikubaaqudgha
Makhleb
Nemelex Xobeh
Okawaru
Qazlal
Sif Muna
Trog
Uskayaw
Wu Jian
Xom
Yredelemnul
Zin
The Shining One


Innate Abilities, Weirdness & Mutations

You can walk through water.
Your dull iron-grey scales are very hard. (AC +11)
You cannot fit into any form of body armour.
You can survive without breathing.
You are cold-blooded and may be slowed by cold attacks.


Message History

The centaur zombie hits you but does no damage.
You hit the centaur zombie but do no damage.
The centaur zombie is moderately damaged.
The centaur zombie barely misses you. The orc warrior hits you with a mace.
* * * LOW HITPOINT WARNING * * *
You hit the centaur zombie.
The centaur zombie is moderately damaged.
The centaur zombie closely misses you. The orc warrior closely misses you.
You hit the centaur zombie.
The centaur zombie is moderately damaged.
The centaur zombie barely misses you. The centaur zombie hits you.
* * * LOW HITPOINT WARNING * * *
You hit the centaur zombie.
The centaur zombie is heavily damaged.
The orc warrior closely misses you. The centaur zombie barely misses you.
Unknown command.
You barely miss the centaur zombie. You tail-slap the centaur zombie.
The centaur zombie is heavily damaged.
The centaur zombie barely misses you. The orc warrior hits you with a mace!
You die...

##.#### #....#
.....# ##....###
#.%#.# #.......#
#..#.# #..o.o<.#
#..#.####.......#
#........).)..###
##o#..........###
#o#######......#
#@# ###.##.#
#Z### ###.# .#
#S..# #...# #
###.# #...# #.#
#...# #.#
##..##.# #.#
#..##.# #.#
#..##.# ##.##
#..##.#


You could see an orc warrior, an adder, an orc and a centaur zombie.

Vanquished Creatures
  Pikel (D:4)
  Grinder (D:4)
  An ogre (D:4)
  A slave (D:4)
  A centaur (D:2)
  A big kobold (D:5)
  A water moccasin skeleton (D:4)
  3 crimson imps
  A jelly (D:5)
  Crazy Yiuf (D:3)
  3 hounds
  4 orc wizards
  An iguana (D:4)
  3 worker ants
  6 gnolls (D:5)
  6 adders
  A shadow imp (D:6)
  2 oozes
  An adder skeleton (D:4)
  A worm (D:2)
  3 dart slugs
  6 leopard geckos
  13 orcs
  7 giant cockroaches
  26 goblins
  32 hobgoblins
  6 jackals
  3 quokkas
  9 bats
  4 frilled lizards
  10 kobolds
  A leopard gecko skeleton (D:5)
  6 rats
166 creatures vanquished.

Vanquished Creatures (others)
  A jackal (D:5)
1 creature vanquished.

Grand Total: 167 creatures vanquished

Notes
Turn   | Place    | Note
-------+----------+-------------------------------------------
     0 | D:1      | MTVSty1e the Draconian Fire Elementalist began the quest for the Orb.
     0 | D:1      | Reached XP level 1. HP: 14/14 MP: 3/3
   331 | D:1      | Reached XP level 2. HP: 18/22 MP: 5/5
   755 | D:1      | Reached skill level 1 in Fighting
  1382 | D:2      | Reached XP level 3. HP: 28/28 MP: 4/6
  1624 | D:2      | Reached skill level 4 in Fire Magic
  1797 | D:2      | Noticed a centaur
  1813 | D:2      | Killed a centaur
  1813 | D:2      | Reached XP level 4. HP: 28/36 MP: 4/7
  1813 | D:2      | Reached XP level 5. HP: 32/41 MP: 4/8
  2129 | D:2      | Learned a level 5 spell: Fireball
  2735 | D:3      | Reached skill level 5 in Fire Magic
  2828 | D:3      | Found a bloodstained altar of Trog.
  2870 | D:3      | Found a bloodstained altar of Trog.
  2880 | D:3      | Found a shadowy altar of Dithmenos.
  3064 | D:3      | Found a runed door.
  3068 | D:3      | Noticed Crazy Yiuf
  3079 | D:3      | Killed Crazy Yiuf
  3392 | D:4      | Reached XP level 6. HP: 36/51 MP: 9/9
  4008 | D:5      | Entered Level 5 of the Dungeon
  4194 | D:5      | Found a glowing silver altar of Zin.
  4298 | D:5      | Found an ornate altar of the Wu Jian Council.
  4508 | D:5      | Reached skill level 6 in Fire Magic
  4544 | D:5      | Your scales start taking on a dull iron-grey colour.
  4544 | D:5      | Reached XP level 7. HP: 22/58 MP: 10/10
  4544 | D:5      | Gained mutation: You can survive without breathing. [Grey Draconian growth]
  5116 | D:5      | Found a shattered altar of Ashenzari.
  5319 | D:4      | Noticed Pikel
  5359 | D:4      | Killed Pikel
  5359 | D:4      | Reached skill level 7 in Fire Magic
  5359 | D:4      | Reached XP level 8. HP: 44/67 MP: 5/11
  5725 | D:4      | Reached skill level 5 in Fighting
  5954 | D:4      | Noticed Grinder
  5982 | D:4      | Paralysed by Grinder for 4 turns
  5990 | D:4      | Killed Grinder
  5990 | D:4      | Reached skill level 5 in Conjurations
  5990 | D:4      | Reached skill level 8 in Fire Magic
  6147 | D:4      | Found a burning altar of Makhleb.
  6153 | D:4      | Found a shimmering altar of Xom.
  6195 | D:4      | Found a staircase to the Ecumenical Temple.
  6279 | Temple   | Entered the Ecumenical Temple
  6620 | D:5      | Found a basalt altar of Yredelemnul.
  7521 | D:5      | Found an ancient bone altar of Kikubaaqudgha.
  7581 | D:6      | Found a sparkling altar of Nemelex Xobeh.
  7839 | D:6      | Slain by an orc warrior

Skill      XL: |  1  2  3  4  5  6  7  8 |
---------------+-------------------------+-----
Fighting       | 1 2 3 4 5 |  5.8
Fire Magic     | 4 5 6 7 8 |  8.5
Conjurations   | 2 3 4 5 |  5.5
Dodging        | |  1.7
Stealth        | |  1.7
Spellcasting   | |  2.0

Action                   |  1- 3 |  4- 6 |  7- 9 || total
-------------------------+-------+-------+-------++-------
Melee: Unarmed           |    38 |       |     2 ||    40
       Tailslap          |     5 |    44 |    19 ||    68
       Short sword       |    69 |   297 |   261 ||   627
 Cast: Flame Tongue      |    47 |    52 |    69 ||   168
       Fireball          |       |       |    11 ||    11
  Use: Potion            |     2 |     1 |     4 ||     7
       Scroll            |       |     5 |     4 ||     9
 Stab: Sleeping          |     3 |     4 |       ||     7
  Eat: Ration            |     1 |     3 |     2 ||     6
       Chunk             |       |     2 |     7 ||     9
Armor: Skin              |    51 |   130 |   222 ||   403
Dodge: Dodged            |   114 |   227 |   220 ||   561
